 Dungeon Crawl Stone Soup version 0.31-a0-221-gbddc013574 (webtiles) character file.

Game seed: 4521622575978375098

241 qw the Chopper (level 6, -10/38 HPs)
             Began as a Gargoyle Fighter on July 4, 2023.
             Mangled by an ogre
             ... wielding a +0 giant spiked club
              (23 damage)
             ... on level 3 of the Dungeon.
             The game lasted 00:01:19 (2436 turns).

qw the Chopper (Gargoyle Fighter)                   Turns: 2436, Time: 00:01:20

Health: -10/38     AC: 14    Str: 22    XL:     6   Next: 8%
Magic:  6/6        EV:  8    Int:  8    God:
Gold:   164        SH:  4    Dex:  9    Spells: 5/5 levels left

rFire   . . .        Y - +0 war axe
rCold   . . .        c - +0 buckler
rNeg    + . .        a - +0 chain mail
rPois   inf          (no helmet)
rElec   +            (no cloak)
rCorr   .            (no gloves)
SInv    .            i - +0 pair of boots
Will    .....        (no amulet) Stlth
                     (no ring)
HPRegen 0.26/turn    (no ring)
MPRegen 0.10/turn

%: no passive effects
@: no status effects
A: sickness immunity, AC +4, negative energy resistance 1, electricity
resistance, torment resistance 1, petrification resistance
a: no special abilities


You were on level 3 of the Dungeon.
You visited 1 branch of the dungeon, and saw 4 of its levels.

You collected 164 gold pieces.


Innate Abilities, Weirdness & Mutations

You are immune to sickness and miasma.
Your stone body is resilient. (AC +4)
You are immune to poison.
You resist negative energy. (rN+)
You are resistant to electric shocks. (rElec)
You are resistant to unholy torment.
You are immune to petrification.


   Skills:
 - Level 4.0 Fighting
 + Level 5.0 Axes
 - Level 3.2 Armour
 - Level 1.0 Dodging
 - Level 3.2 Shields


You had 5 spell levels left.
You didn't know any spells.
Your spell library was empty.

Inventory:

Hand Weapons
 k - a +0 flail
 Y - a +0 war axe (weapon)
Armour
 a - a +0 chain mail (worn)
 c - a +0 buckler (worn)
 i - a +0 pair of boots (worn)
Scrolls
 g - a scroll of identify
Potions
 b - a potion of mutation
 d - a potion of might
 e - 3 potions of curing
 f - a potion of haste
 j - 2 potions of heal wounds
 m - a potion of invisibility {unknown}

Dungeon Overview and Level Annotations

Branches:
Dungeon (4/15)
 Temple: D:4-7

Altars:
Dithmenos

Annotations:
D:4 3 runed translucent doors, qw's ghost, amateur MiHs


Message History

Done exploring.
2425 ||| READING 2 scrolls of identify.
As you read the scroll of identify, it crumbles to dust.
b - a potion of mutation;
2425 ||| IDENTIFYING murky clear potion Done exploring.
(D) Dungeon
Where to? (* - list waypoints, Enter - D:3, ? - help)
What level of the Dungeon? (default 1, ? - help)
There is a stone staircase leading down here.
You climb downwards.
You hear the sound of rushing water.
There is an entrance to a sewer on this level.
Hurry and find it before the portal rusts away!
You hear the hiss of flowing sand.
There is an entrance to an ossuary on this level.
Hurry and find it before the portal is buried!
The kobold shouts! x3
Qw's ghost turns its malevolent gaze towards you.
The kobold shouts! x2; The ogre shouts!
The hobgoblin shouts!
Found an opal ring.
There is a stone staircase leading up here.
There are monsters nearby!
Waypoint 3 assigned to D:4.
2431 ||| PLANNING OSSUARY You hit the ogre.
The ogre is lightly wounded.
The ogre hits you with a +0 giant spiked club!!
Ouch! That really hurt!
2432 ||| STAIRDANCE You climb upwards.
There is a stone staircase leading down here.
You barely miss the ogre.
The ogre is lightly wounded.
The ogre closely misses you.
You hit the ogre.
The ogre is moderately wounded.
The ogre closely misses you.
You barely miss the ogre.
The ogre is moderately wounded.
The ogre hits you with a +0 giant spiked club!!
Ouch! That really hurt!
You die...

##.##
#.####)#### ##
##.#.###.# #.#
.# ##.###.##.#
#.# .#####.##
##.#.# #.#
......## ##.<#
#.# ######.##
##.### #.#
##.###.## #.#
##.#.########.#
##....=.O@...#
#############


You could see an ogre.

Vanquished Creatures
  An orc priest (D:3)
  Terence (D:3)
  A sleepcap (D:3)
  An orc wizard (D:3)
  3 gnolls (D:3)
  4 adders
  A worm (D:2)
  3 orcs (D:3)
  4 ball pythons
  8 endoplasms
  2 giant cockroaches
  6 goblins
  4 hobgoblins
  4 jackals
  6 kobolds
  3 quokkas
  4 bats
  3 frilled lizards
  8 rats
67 creatures vanquished.

Notes
Turn   | Place    | Note
-------+----------+-------------------------------------------
     0 | D:1      | qw the Gargoyle Fighter began the quest for the Orb.
     0 | D:1      | Reached XP level 1. HP: 14/14 MP: 1/1
     0 | D:1      | 0 ||| qw: Version: 0.3-a-41-g9d075ac
     0 | D:1      | 0 ||| qw: Game counter: 697
     0 | D:1      | 0 ||| qw: Melee chars always use a shield: true
     0 | D:1      | 0 ||| qw: God list: Okawaru
     0 | D:1      | 0 ||| qw: Allow faded altars: false
     0 | D:1      | 0 ||| qw: Do Orc after clearing Dungeon:15 true
     0 | D:1      | 0 ||| qw: Do second Lair branch before Depths: true
     0 | D:1      | 0 ||| qw: Lair rune preference: random
     0 | D:1      | 0 ||| qw: Goals: Normal, Zot:1-4, Slime:5, God:TSO, Crypt,
                  | Tomb, Abyss, Pan, Hells, Win
     0 | D:1      | 0 ||| PLANNING D:1-11
    35 | D:1      | Reached skill level 2 in Axes
   135 | D:1      | 135 ||| READING scroll labelled XUEKHO UMI.
   222 | D:1      | Reached XP level 2. HP: 19/19 MP: 2/2
   317 | D:1      | Found a faded altar of an unknown god.
   618 | D:1      | 618 ||| Stepping ~*~*~tactically~*~*~ (stealth).
   630 | D:1      | 630 ||| DROPPING +0 club.
   767 | D:1      | 767 ||| Stepping ~*~*~tactically~*~*~ (stealth).
   768 | D:1      | 768 ||| Stepping ~*~*~tactically~*~*~ (stealth).
   771 | D:1      | Reached skill level 3 in Axes
   870 | D:1      | 870 ||| READING scroll labelled VUJIUX WAYGA.
   871 | D:1      | 871 ||| READING 2 scrolls labelled UVVIMA NAUTH.
   872 | D:1      | 872 ||| DROPPING scroll of fog.
   933 | D:2      | Reached XP level 3. HP: 23/23 MP: 3/3
  1014 | D:2      | 1014 ||| DROPPING +0 whip.
  1172 | D:2      | Reached XP level 4. HP: 28/28 MP: 4/4
  1302 | D:2      | Reached skill level 4 in Axes
  1317 | D:2      | 1317 ||| Stepping ~*~*~tactically~*~*~ (stealth).
  1327 | D:2      | 1327 ||| Stepping ~*~*~tactically~*~*~ (stealth).
  1328 | D:2      | 1328 ||| Stepping ~*~*~tactically~*~*~ (stealth).
  1447 | D:2      | 1447 ||| UPGRADING to +4 ring mail.
  1457 | D:2      | 1457 ||| DROPPING +0 scale mail.
  1458 | D:2      | 1458 ||| READING 4 scrolls labelled LOEF JEM KIACE.
  1459 | D:2      | 1459 ||| DRINKING 2 clear potions.
  1460 | D:2      | 1460 ||| DRINKING 2 fuming coppery potions.
  1461 | D:2      | 1461 ||| READING 3 scrolls of identify.
  1461 | D:2      | 1461 ||| IDENTIFYING golden potion
  1462 | D:2      | 1462 ||| READING 2 scrolls of identify.
  1462 | D:2      | 1462 ||| IDENTIFYING murky cyan potion
  1463 | D:2      | 1463 ||| DROPPING potion of brilliance.
  1671 | D:3      | Noticed Terence
  1686 | D:3      | Killed Terence
  1689 | D:3      | 1689 ||| Stepping ~*~*~tactically~*~*~ (hiding).
  1695 | D:3      | Reached XP level 5. HP: 20/32 MP: 5/5
  1696 | D:3      | Reached skill level 5 in Axes
  1696 | D:3      | 1696 ||| FLEEEEING.
  1697 | D:3      | 1697 ||| FLEEEEING.
  1698 | D:3      | 1698 ||| FLEEEEING.
  1699 | D:3      | 1699 ||| FLEEEEING.
  1700 | D:3      | 1700 ||| FLEEEEING.
  1701 | D:3      | 1701 ||| FLEEEEING.
  1702 | D:3      | 1702 ||| FLEEEEING.
  1703 | D:3      | 1703 ||| FLEEEEING.
  1704 | D:3      | 1704 ||| FLEEEEING.
  1705 | D:3      | 1705 ||| FLEEEEING.
  1706 | D:3      | 1706 ||| FLEEEEING.
  1707 | D:3      | 1707 ||| FLEEEEING.
  1708 | D:3      | 1708 ||| FLEEEEING.
  1709 | D:3      | 1709 ||| FLEEEEING.
  1710 | D:3      | 1710 ||| FLEEEEING.
  1711 | D:3      | 1711 ||| FLEEEEING.
  1712 | D:3      | 1712 ||| FLEEEEING.
  1713 | D:3      | 1713 ||| FLEEEEING.
  1714 | D:3      | 1714 ||| FLEEEEING.
  1715 | D:3      | 1715 ||| FLEEEEING.
  1716 | D:3      | 1716 ||| FLEEEEING.
  1717 | D:3      | 1717 ||| FLEEEEING.
  1718 | D:3      | 1718 ||| FLEEEEING.
  1719 | D:3      | 1719 ||| FLEEEEING.
  1720 | D:3      | 1720 ||| STAIRDANCE
  1740 | D:2      | 1740 ||| UPGRADING to +0 pair of boots.
  1792 | D:3      | 1792 ||| DROPPING +1 mace of venom.
  1857 | D:3      | 1857 ||| Stepping ~*~*~tactically~*~*~ (stealth).
  1898 | D:3      | Reached skill level 1 in Dodging
  1955 | D:3      | Found a shadowy altar of Dithmenos.
  2028 | D:3      | Reached XP level 6. HP: 38/38 MP: 6/6
  2412 | D:3      | 2412 ||| UPGRADING to +0 chain mail.
  2422 | D:3      | 2422 ||| DROPPING +4 ring mail.
  2423 | D:3      | 2423 ||| DROPPING ring of wizardry.
  2424 | D:3      | 2424 ||| READING scroll labelled TAADWY JERARU.
  2425 | D:3      | 2425 ||| READING 2 scrolls of identify.
  2425 | D:3      | 2425 ||| IDENTIFYING murky clear potion
  2430 | D:4      | Noticed qw's ghost (amateur MiHs)
  2430 | D:4      | Found a runed translucent gate.
  2430 | D:4      | Found a runed translucent gate.
  2430 | D:4      | Found a runed translucent gate.
  2431 | D:4      | 2431 ||| PLANNING OSSUARY
  2432 | D:4      | 2432 ||| STAIRDANCE
  2436 | D:3      | Mangled by an ogre

Levels and vault maps discovered:
D:1:      ncdulo_halloftheorcs, layout_basic, ebering_ecumenical_altar_box,
          serial_curves, eino_curves_02, eino_curves_03, minivault_4,
          skrybe_limestone_x
D:2:      layout_basic, minmay_nonomino_d4
D:3:      layout_loops_ring, mainiacjoe_overflow_24_doors, minmay_quantized,
          uniq_terence
D:4:      layout_loops_corners, gammafunk_ghost_nasty_kobolds,
          nicolae_ossuary_entry_monument, gup_sewer_entry_bowl

Skill      XL: |  1  2  3  4  5  6 |
---------------+-------------------+-----
Axes           | 2 3 4 5 |  5.0
Dodging        | 1 |  1.0
Fighting       | 4 |  4.0
Armour         | |  3.2
Shields        | |  3.2

Action                     |  1- 3 |  4- 6 || total
---------------------------+-------+-------++-------
  Melee: War axe           |   104 |   103 ||   207
    Use: Scroll            |     3 |     5 ||     8
         Potion            |       |     2 ||     2
 Armour: Scale mail        |    47 |    12 ||    59
         Ring mail         |       |    29 ||    29
  Dodge: Dodged            |    53 |    38 ||    91
  Block: Buckler           |    13 |    11 ||    24

Table legend:
 A = Non-vault XP
 B = Vault XP
 C = Vault XP percentage of total XP
 D = Non-vault monster count
 E = Vault monster count
 F = Vault count percentage of total count
                 A         B        C        D         E       F
            +---------+---------+-------+---------+---------+-------
      Total |     261 |      84 |  24.3 |      53 |      14 |  20.9
            +---------+---------+-------+---------+---------+-------
        D:1 |      33 |       0 |   0.0 |      19 |       0 |   0.0
        D:2 |      49 |      26 |  34.7 |      15 |       7 |  31.8
        D:3 |     179 |      58 |  24.5 |      19 |       7 |  26.9
            +---------+---------+-------+---------+---------+-------
